 Dungeon Crawl Stone Soup version 0.31-a0-161-gb58dd9be76 (webtiles) character file.

Game seed: 855133380160327635

775 qw the Chopper (level 7, -6/44 HPs)
             Began as a Gargoyle Fighter on June 12, 2023.
             Was a Follower of Okawaru.
             Mangled by a two-headed ogre
             ... wielding a +0 giant spiked club
              (19 damage)
             ... on level 5 of the Dungeon.
             The game lasted 00:03:08 (4628 turns).

qw the Chopper (Gargoyle Fighter)                   Turns: 4628, Time: 00:03:09

Health: -6/44      AC: 19    Str: 22    XL:     7   Next: 84%
Magic:  7/8        EV: 12    Int:  8    God:    Okawaru [*.....]
Gold:   336        SH:  5    Dex:  9    Spells: 6/6 levels left

rFire   . . .        Y - +1 war axe
rCold   . . .        c - +0 buckler
rNeg    + + .        s - +1 plate armour
rPois   inf          (no helmet)
rElec   +            (no cloak)
rCorr   .            (no gloves)
SInv    .            (no boots)
Will    .....        r - amulet of faith Stlth
                     m - +5 ring of evasion
HPRegen 0.27/turn    b - ring of positive energy
MPRegen 0.11/turn

%: faith
@: heroic
A: sickness immunity, AC +4, negative energy resistance 1, electricity
resistance, torment resistance 1, petrification resistance
a: Renounce Religion, Heroism


You were on level 5 of the Dungeon.
You worshipped Okawaru.
Okawaru was aware of your devotion.
You visited 1 branch of the dungeon, and saw 5 of its levels.

You collected 336 gold pieces.


Innate Abilities, Weirdness & Mutations

You are immune to sickness and miasma.
Your stone body is resilient. (AC +4)
You are immune to poison.
You resist negative energy. (rN+)
You are resistant to electric shocks. (rElec)
You are resistant to unholy torment.
You are immune to petrification.


   Skills:
 + Level 4.4(9.4) Fighting
 - Level 7.0(12.0) Axes
 - Level 1.8(6.8) Throwing
 - Level 3.2(8.2) Armour
 - Level 3.2(8.2) Shields
 + Level 1.7 Invocations


You had 6 spell levels left.
You didn't know any spells.
Your spell library was empty.

Inventory:

Hand Weapons
 h - a +0 flail
 Y - a +1 war axe (weapon)
Missiles
 k - a boomerang
 t - a javelin (quivered)
Armour
 c - a +0 buckler (worn)
 s - a +1 plate armour (worn)
Jewellery
 b - a ring of positive energy (right hand)
 j - an amulet of guardian spirit
 m - a +5 ring of evasion (left hand)
 r - an amulet of faith (around neck)
Scrolls
 i - a scroll of identify
 o - a scroll of teleportation
 u - a scroll of silence {unknown}
Potions
 a - a potion of mutation
 d - 2 potions of might
 e - a potion of lignification
 f - a potion of haste {unknown}
 g - a potion of attraction {unknown}
 l - 2 potions of heal wounds
 n - a potion of ambrosia {unknown}
 p - a potion of curing
 q - a potion of enlightenment {unknown}

Dungeon Overview and Level Annotations

Branches:
Dungeon (5/15)
 Temple: D:4-7

Altars:
Ashenzari
Cheibriados
Hepliaklqana
Okawaru
Trog
Xom
Lugonu

Portals:
Abyss: D:4

Annotations:
D:4 2 runed translucent doors


Message History

Enter note:
Enter note:
Enter note:
Enter note:
Enter note:
Enter note:
4618 ||| INVOKING Heroism.
You gain the combat prowess of a mighty hero.
You throw a javelin.
The javelin pierces through the two-headed ogre!
The two-headed ogre is lightly wounded.
The two-headed ogre barely misses you. You block the two-headed ogre's attack.
You barely miss the two-headed ogre.
The two-headed ogre is lightly wounded.
You slash the two-headed ogre!
The two-headed ogre is moderately wounded.
The two-headed ogre barely misses you.
The two-headed ogre hits you with a +0 giant spiked club!
You slash the two-headed ogre!
The two-headed ogre is heavily wounded.
You slash the two-headed ogre!
The two-headed ogre is severely wounded.
The two-headed ogre closely misses you. x2
You barely miss the two-headed ogre.
The two-headed ogre is severely wounded.
The two-headed ogre closely misses you.
The two-headed ogre hits you with a +0 giant spiked club!
You hit the two-headed ogre.
The two-headed ogre is severely wounded.
You hit the two-headed ogre.
The two-headed ogre is severely wounded.
The two-headed ogre misses you.
The two-headed ogre hits you with a +0 giant spiked club!
You slash the two-headed ogre!
The two-headed ogre is almost dead.
You hit the two-headed ogre.
The two-headed ogre is almost dead.
The two-headed ogre misses you.
The two-headed ogre hits you with a +0 giant spiked club!!
You die...

######### ........##########
....#.....#(..?..#
....#.....#......#
....##...##......#
.....#...#.......#
.....##.##.....O.# ##....#.#
###@# .###.#### ###...##
...###...###......###########
.....#._.#..................#
...###...###.............##.#
.###)#####.###..########.##.#
##....#.#....#### ##.##.#
.....##.##......#######...#.#
.....#...#.........?........#


You could see a two-headed ogre.

Vanquished Creatures
  An ice beast (D:5)
  A black bear (D:4)
  3 scorpions
  A hound (D:5)
  A jelly (D:5)
  Terence (D:2)
  Natasha (twice) (D:2)
  3 orc wizards (D:3)
  4 gnolls
  5 adders
  A shadow imp (D:5)
  An ufetubus (D:5)
  3 worms
  4 dart slugs
  7 orcs
  5 ball pythons
  6 bats
  6 endoplasms
  11 giant cockroaches
  9 goblins
  10 hobgoblins
  3 jackals (D:5)
  3 kobolds
  4 quokkas
  3 frilled lizards
  3 rats
101 creatures vanquished.

Notes
Turn   | Place    | Note
-------+----------+-------------------------------------------
     0 | D:1      | qw the Gargoyle Fighter began the quest for the Orb.
     0 | D:1      | Reached XP level 1. HP: 14/14 MP: 1/1
     0 | D:1      | 0 ||| qw: Version: 0.2-a-29-gc1b59c4
     0 | D:1      | 0 ||| qw: Game counter: 4267
     0 | D:1      | 0 ||| qw: Always use a shield: true
     0 | D:1      | 0 ||| qw: God list: Okawaru
     0 | D:1      | 0 ||| qw: Allow faded altars: false
     0 | D:1      | 0 ||| qw: Do Orc after D:15 true
     0 | D:1      | 0 ||| qw: Do second Lair branch before Depths: true
     0 | D:1      | 0 ||| qw: Lair rune preference: random
     0 | D:1      | 0 ||| qw: Plans: Normal, Zot:1-4, Slime:5, God:TSO, Crypt,
                  | Tomb, Abyss, Pan, Hells, Win
     0 | D:1      | 0 ||| PLANNING D:1-11
   106 | D:1      | Reached skill level 2 in Axes
   233 | D:1      | Reached XP level 2. HP: 19/19 MP: 2/2
   863 | D:1      | Found a faded altar of an unknown god.
   996 | D:1      | 996 ||| UPGRADING to +0 chain mail.
  1006 | D:1      | 1006 ||| DROPPING +0 scale mail.
  1007 | D:1      | 1007 ||| UPGRADING to +5 ring of evasion.
  1008 | D:1      | 1008 ||| READING scroll labelled CINADD EFAIGG.
  1009 | D:1      | 1009 ||| READING scroll labelled UMUSTR ORYUHUYC.
  1019 | D:1      | 1019 ||| READING scroll labelled ARRODI PUONUOTIPRU.
  1046 | D:2      | Noticed Natasha
  1047 | D:2      | 1047 ||| FLEEEEING.
  1048 | D:2      | 1048 ||| FLEEEEING.
  1049 | D:2      | 1049 ||| FLEEEEING.
  1050 | D:2      | 1050 ||| STAIRDANCE
  1077 | D:2      | Killed Natasha
  1078 | D:2      | Reached skill level 3 in Axes
  1078 | D:2      | Reached XP level 3. HP: 23/23 MP: 3/3
  1106 | D:2      | 1106 ||| Stepping ~*~*~tactically~*~*~ (stealth).
  1162 | D:2      | Noticed Terence
  1164 | D:2      | 1164 ||| FLEEEEING.
  1164 | D:2      | HP: 5/23 [Terence/puff of flame (9)]
  1165 | D:2      | 1165 ||| FLEEEEING.
  1166 | D:2      | 1166 ||| FLEEEEING.
  1167 | D:2      | 1167 ||| FLEEEEING.
  1168 | D:2      | 1168 ||| FLEEEEING.
  1169 | D:2      | 1169 ||| FLEEEEING.
  1170 | D:2      | 1170 ||| FLEEEEING.
  1171 | D:2      | 1171 ||| FLEEEEING.
  1172 | D:2      | 1172 ||| FLEEEEING.
  1173 | D:2      | 1173 ||| FLEEEEING.
  1174 | D:2      | 1174 ||| FLEEEEING.
  1175 | D:2      | 1175 ||| FLEEEEING.
  1176 | D:2      | 1176 ||| FLEEEEING.
  1177 | D:2      | 1177 ||| FLEEEEING.
  1188 | D:2      | 1188 ||| FLEEEEING.
  1189 | D:2      | 1189 ||| FLEEEEING.
  1196 | D:2      | 1196 ||| STAIRDANCE
  1239 | D:1      | 1239 ||| UPGRADING to ring of positive energy.
  1252 | D:2      | Killed Terence
  1253 | D:2      | Reached skill level 1 in Throwing
  1253 | D:2      | Reached XP level 4. HP: 15/28 MP: 4/4
  1332 | D:2      | 1332 ||| DROPPING +0 club.
  1423 | D:2      | 1423 ||| Stepping ~*~*~tactically~*~*~ (stealth).
  1601 | D:2      | Found a bloodstained altar of Trog.
  1616 | D:2      | Noticed Natasha
  1628 | D:2      | Killed Natasha
  1629 | D:2      | Reached skill level 4 in Axes
  1629 | D:2      | Reached XP level 5. HP: 21/32 MP: 5/5
  2112 | D:2      | 2112 ||| UPGRADING to +0 plate armour.
  2122 | D:2      | 2122 ||| DROPPING +0 chain mail.
  2123 | D:2      | 2123 ||| UPGRADING to amulet of faith.
  2128 | D:2      | 2128 ||| READING scroll labelled UROCASTR GAOD.
  2129 | D:2      | 2129 ||| READING 2 scrolls labelled ISUNAUV FENEC.
  2130 | D:2      | 2130 ||| READING scroll labelled BUZXIA MUCVURI.
  2131 | D:2      | 2131 ||| READING scroll labelled NERADE ZUICZOESME.
  2132 | D:2      | 2132 ||| READING scroll labelled NARARENGIESH.
  2133 | D:2      | 2133 ||| DRINKING 2 fizzy clear potions.
  2134 | D:2      | 2134 ||| DROPPING potion of brilliance.
  2178 | D:3      | 2178 ||| STAIRDANCE
  2261 | D:3      | 2261 ||| Stepping ~*~*~tactically~*~*~ (stealth).
  2262 | D:3      | 2262 ||| DROPPING +0 mace.
  2392 | D:3      | 2392 ||| READING scroll of enchant armour.
  2392 | D:3      | 2392 ||| ENCHANTING +0 plate armour.
  2453 | D:3      | You fall into a shaft and drop 2 floors!
  2453 | D:5      | Entered Level 5 of the Dungeon
  2463 | D:5      | Reached skill level 5 in Axes
  2463 | D:5      | 2463 ||| PLANNING D:1-11
  2464 | D:5      | 2464 ||| PLANNING D:1-11
  2525 | D:5      | Found a shimmering altar of Xom.
  2581 | D:5      | Found an iron altar of Okawaru.
  2582 | D:5      | 2582 ||| PLANNING OKAWARU WORSHIP
  2582 | D:5      | 2582 ||| DROPPING scarf of shadows.
  2583 | D:5      | 2583 ||| READING scroll labelled GUMEPI OVIUVITS.
  2584 | D:5      | 2584 ||| READING scroll labelled LALI BIXELANAR.
  2585 | D:5      | 2585 ||| DRINKING 2 fuming clear potions.
  2595 | D:5      | Became a worshipper of Warmaster Okawaru
  2595 | D:5      | 2595 ||| PLANNING D:1-11
  2628 | D:5      | Noticed an ice beast
  2636 | D:5      | Killed an ice beast
  2637 | D:5      | Reached XP level 6. HP: 22/39 MP: 6/6
  2844 | D:5      | Reached * piety under Okawaru
  2949 | D:4      | 2949 ||| DRINKING 2 puce potions.
  3168 | D:3      | 3168 ||| Stepping ~*~*~tactically~*~*~ (hiding).
  3169 | D:3      | 3169 ||| Stepping ~*~*~tactically~*~*~ (hiding).
  3170 | D:3      | 3170 ||| Stepping ~*~*~tactically~*~*~ (hiding).
  3479 | D:3      | 3479 ||| READING scroll labelled CUCRESATUL.
  3480 | D:3      | 3480 ||| READING 2 scrolls of identify.
  3480 | D:3      | 3480 ||| IDENTIFYING amethyst potion
  3501 | D:4      | Noticed a black bear
  3502 | D:4      | 3502 ||| INVOKING Heroism.
  3507 | D:4      | Reached XP level 7. HP: 41/44 MP: 4/7
  3509 | D:4      | Reached skill level 6 in Axes
  3512 | D:4      | 3512 ||| STAIRDANCE
  3514 | D:3      | 3514 ||| INVOKING Heroism.
  3577 | D:4      | 3577 ||| STAIRDANCE
  3579 | D:4      | 3579 ||| STAIRDANCE
  3581 | D:4      | 3581 ||| STAIRDANCE
  3583 | D:3      | 3583 ||| DRINKING potion of curing.
  3583 | D:3      | 3583 ||| (to cure confusion)
  3592 | D:3      | 3592 ||| INVOKING Heroism.
  3750 | D:4      | Found a one-way gate to the infinite horrors of the Abyss.
  3830 | D:4      | Found a large runed translucent door.
  3830 | D:4      | Found a large runed translucent door.
  3831 | D:4      | Found a corrupted altar of Lugonu.
  3960 | D:4      | Found a snail-covered altar of Cheibriados.
  3975 | D:4      | Found a hazy altar of Hepliaklqana.
  4103 | D:4      | Reached skill level 1 in Invocations
  4329 | D:4      | 4329 ||| READING 2 scrolls of identify.
  4329 | D:4      | 4329 ||| IDENTIFYING fizzy brown potion
  4488 | D:5      | Reached skill level 7 in Axes
  4510 | D:5      | Found a broken altar of Ashenzari.
  4616 | D:5      | Noticed a two-headed ogre
  4618 | D:5      | 4618 ||| INVOKING Heroism.
  4628 | D:5      | Mangled by a two-headed ogre

Levels and vault maps discovered:
D:1:      lemuel_arrival_hallway, layout_basic,
          shapermc_ecumenical_altar_mp_urbaneastern
D:2:      minmay_roachtagon, layout_basic, basic_altar, minmay_splitting_lines,
          minmay_increasing_density, uniq_terence, uniq_natasha
D:3:      layout_loops_ring, minmay_misc_feat_square, kennysheep_generic_room_5
D:4:      due_chaos_kobolds, layout_loops_ring, minitemple
D:5:      layout_loops_ring, mainiacjoe_overflow_paths,
          nicolae_ashenzari_panopticon, dk_xom_monty_hall

Skill      XL: |  1  2  3  4  5  6  7 |
---------------+----------------------+-----
Axes           | 2 3 4 5 7 |  7.0
Throwing       | 1 |  1.8
Fighting       | 4 |  4.4
Invocations    | 1 |  1.7
Armour         | |  3.2
Shields        | |  3.2

Action                     |  1- 3 |  4- 6 |  7- 9 || total
---------------------------+-------+-------+-------++-------
  Melee: War axe           |    72 |   130 |    68 ||   270
  Throw: Javelin           |     8 |    38 |     1 ||    47
         Boomerang         |       |       |    29 ||    29
 Invoke: Heroism           |       |     1 |     3 ||     4
    Use: Scroll            |     3 |    10 |     1 ||    14
         Potion            |       |     3 |     1 ||     4
 Armour: Scale mail        |    15 |       |       ||    15
         Chain mail        |    13 |    15 |       ||    28
         Plate armour      |       |    54 |    46 ||   100
  Dodge: Dodged            |    54 |    88 |    47 ||   189
  Block: Buckler           |    11 |    34 |    11 ||    56

Table legend:
 A = Non-vault XP
 B = Vault XP
 C = Vault XP percentage of total XP
 D = Non-vault monster count
 E = Vault monster count
 F = Vault count percentage of total count
                 A         B        C        D         E       F
            +---------+---------+-------+---------+---------+-------
      Total |     964 |     146 |  13.2 |      81 |      20 |  19.8
            +---------+---------+-------+---------+---------+-------
        D:1 |      21 |       0 |   0.0 |      12 |       0 |   0.0
        D:2 |      78 |      98 |  55.7 |      15 |      15 |  50.0
        D:3 |     183 |       4 |   2.1 |      24 |       3 |  11.1
        D:4 |     386 |       0 |   0.0 |      21 |       0 |   0.0
        D:5 |     296 |      44 |  12.9 |       9 |       2 |  18.2
            +---------+---------+-------+---------+---------+-------
